 Dungeon Crawl Stone Soup version 0.21-a0-210-gbfa5647 (webtiles) character file.

144 Blomdor the Cudgeler (level 5, -14/42 HPs)
             Began as a Barachi Monk on Aug 22, 2017.
             Demolished by an orc warrior
             ... wielding a +0 trident
              (18 damage)
             ... on level 4 of the Dungeon.
             The game lasted 00:04:35 (2282 turns).

Blomdor the Cudgeler (Barachi Monk)                 Turns: 2282, Time: 00:04:38

Health: -14/42     AC:  6    Str: 13    XL:     5   Next: 27%
Magic:  4/4        EV: 12    Int: 11    God:
Gold:   153        SH:  0    Dex: 14    Spells: 4/4 levels left

rFire    + + .     SeeInvis .   a - +0 mace
rCold    + + .     Gourm    .   (no shield)
rNeg     . . .     Faith    .   d - +0 scale mail
rPois    +         Spirit   .   (no helmet)
rElec    +         Reflect  .   s - scarf {rC+ rF+}
rCorr    +         Harm     .   (no gloves)
MR       +....                  (no boots)
Stlth    +.........             i - amulet of rage
HPRegen  0.14/turn              (no ring)
MPRegen  0.09/turn              (no ring)

@: resistant, berserk cooldown, slowed, very slow
A: +LOS, swims, repulsion field 1, low mp 1, magic resistance 1, slowness 1,
strong legs 1
a: Hop, Evoke Berserk Rage


You were on level 4 of the Dungeon.
You were not hungry.

You visited 1 branch of the dungeon, and saw 4 of its levels.

You collected 153 gold pieces.

Inventory:

Hand Weapons
 a - a +0 mace (weapon)
Missiles
 j - a throwing net (quivered)
Armour
 d - a +0 scale mail (worn)
 s - a scarf of resistance (worn)
Jewellery
 i - an amulet of rage (around neck)
Scrolls
 e - a scroll of random uselessness {unknown}
 f - a scroll of fear
 k - 3 scrolls of teleportation
 r - a scroll of remove curse {unknown}
 u - a scroll of enchant armour {unknown}
 v - a scroll of fog {unknown}
Potions
 b - a potion of heal wounds
 p - 2 potions of magic {unknown}
 t - a potion of curing {unknown}
 w - a potion of agility {unknown}
Comestibles
 c - 3 bread rations
 h - a fruit
 q - a meat ration
 x - 7 chunks of flesh


   Skills:
 + Level 3.8 Fighting
 * Level 5.2 Maces & Flails
 + Level 3.3 Armour
 - Level 3.2 Dodging
 - Level 1.7 Stealth


You had 4 spell levels left.
You didn't know any spells.

Dungeon Overview and Level Annotations

Branches:
Dungeon (4/15)
 Temple: D:4-7

Altars:
Elyvilon
Nemelex Xobeh
Wu Jian


Innate Abilities, Weirdness & Mutations

Shadows flee at your approach. (+LOS)
You can swim through water.
You cover ground slowly.
You can hop short distances.
You are surrounded by a mild repulsion field. (EV +2)
Your magical capacity is low. (-10% MP)
You are resistant to hostile enchantments. (MR+)


Message History

The orc barely misses you.
The orc warrior hits you from afar with a trident!
The orc misses you.
You thump the orc!
You kill the orc!
The orc warrior hits you from afar with a trident!
You are no longer berserk.
You are exhausted.
You feel yourself slow down. The orc barely misses you.
Things that are here:
a mace of holy wrath; a scale mail; an orc corpse Unknown command.
It was a potion of resistance.
You feel protected. The orc closely misses you.
The orc warrior hits you with a trident!
* * * LOW HITPOINT WARNING * * *
The orc hits you but does no damage.
The orc warrior hits you with a trident!!
You die...

########### #.........#
#.....$...# #.........#
#.........# ******#.........#
**,,,,*#........o################
,+,,,,+....>...o@...............#
**,,,,*#.........#############.##
**,,,,*#.........# #.#
**,,,,*#.........#############.#
**,,,,*#.........#.............#
**,,,,*###########.#############
**,,,,* ####'##### **,,,,*
#........# ****+** #........#


You could see an orc warrior and an orc.

Vanquished Creatures
  7 adders
  2 oozes
  A worm (D:3)
  2 dart slugs
  A leopard gecko (D:3)
  2 orcs
  6 bats
  3 giant cockroaches
  6 goblins
  8 hobgoblins
  9 jackals (D:3)
  3 ball pythons
  5 frilled lizards
  5 kobolds
  3 rats
63 creatures vanquished.

Notes
Turn   | Place    | Note
-------+----------+-------------------------------------------
     0 | D:1      | Blomdor the Barachi Monk began the quest for the Orb.
     0 | D:1      | Reached XP level 1. HP: 18/18 MP: 1/1
   249 | D:1      | Reached skill level 1 in Armour
   329 | D:1      | Reached XP level 2. HP: 24/24 MP: 2/2
   697 | D:2      | Reached skill level 4 in Maces & Flails
   778 | D:2      | Found a sparkling altar of Nemelex Xobeh.
   823 | D:2      | Reached XP level 3. HP: 29/29 MP: 3/3
  1113 | D:2      | Found a faded altar of an unknown god.
  1289 | D:3      | Reached XP level 4. HP: 30/36 MP: 4/4
  1588 | D:3      | Found an ornate altar of the Wu Jian Council.
  1612 | D:3      | Found a white marble altar of Elyvilon.
  1809 | D:3      | Reached skill level 5 in Maces & Flails
  1947 | D:3      | Reached XP level 5. HP: 36/42 MP: 5/5
  2266 | D:4      | Noticed an orc warrior
  2271 | D:4      | Gained mutation: Your magical capacity is low. (-10% MP) [potion of mutation]
  2271 | D:4      | Gained mutation: You are resistant to hostile enchantments. (MR+) [potion of mutation]
  2271 | D:4      | Gained mutation: You are surrounded by a mild repulsion field. (EV +2) [potion of mutation]
  2282 | D:4      | Demolished by an orc warrior

Vault maps used:
D:1:      dpeg_arrival_round_c
D:2:      chequers_ecumenical_altar_lobes, nemelex_lonely_heart_becter
D:3:      lemuel_crystal_altar, nicolae_overflow_crystal_walls, minmay_quantized
D:4:      kennysheep_mini, nicolae_ossuary_entry_plus, first_bread

Skill      XL: |  1  2  3  4 |
---------------+-------------+-----
Armour         | 1 2 3 |  3.3
Maces & Flails | 4 5 |  5.2
Fighting       | |  3.8
Dodging        | |  3.2
Stealth        | |  1.7

Action                   |  1- 3 |  4- 6 || total
-------------------------+-------+-------++-------
Melee: Mace              |    89 |   132 ||   221
  Use: Scroll            |     4 |     1 ||     5
       Potion            |       |     5 ||     5
  Eat: Chunk             |     2 |     4 ||     6
Armor: Scale mail        |    40 |    72 ||   112
Dodge: Dodged            |    60 |    97 ||   157

Table legend:
 A = Spawn XP
 B = Non-spawn XP
 C = Spawn XP percentage of total XP
 D = Spawn monster count
 E = Non-spawn monster count
 F = Spawn count percentage of total count
 G = Total turns spent on level
                    A         B        C        D         E        F      G
               +---------+---------+-------+---------+---------+-------+---------
         Total |      47 |     160 |  22.7 |      18 |      45 |  28.6 |  2282
               +---------+---------+-------+---------+---------+-------+---------
           D:1 |       7 |      21 |  25.0 |       4 |      11 |  26.7 |   652
           D:2 |       1 |      51 |   1.9 |       1 |      12 |   7.7 |   621
           D:3 |      39 |      85 |  31.5 |      13 |      21 |  38.2 |   954
           D:4 |       0 |       3 |   0.0 |       0 |       1 |   0.0 |    55
               +---------+---------+-------+---------+---------+-------+---------
